Manchots vs High Goats

Created - 30 avril 2013 at 19:08

Goals
1 2 3 T
Manchots 0 3 1 4
High Goats 0 2 0 2
Shots
1 2 3 T
Manchots 9 17 13 39
High Goats 12 10 2 24

1st period

No Goal

Penalties :
Drayson Bowman (Buc) for Boarding (Minor) at 2:07

2nd period

1. Manchots , Hal Gill 5 (Wade Belak, Cal Clutterbuck) at 2:55
2. High Goats , Brad Larsen 24 (Matt Taormina) at 4:20
3. High Goats , Anton Stralman 8 (Jesse Winchester, Chris Stewart) at 4:37
4. Manchots , Logan Couture 20 (Petr Sykora, Bryan Allen) at 18:55
5. Manchots , Martin Hanzal 56 (Alexander Radulov, Bryan Allen) at 19:51

Penalties :
Craig Weller (Buc) for Unsportsmanlike conduct (Major / Game Misconduct) at 9:13, Nick Bonino (Buc) for Hooking (Minor) at 17:10, Pernell Karl Subban (Out) for Slashing (Minor) at 17:10

3rd period

6. Manchots , Jamie Benn 17 (Eric Tangradi, Richard Petiot) at 5:53

Penalties :
Matt Taormina (Buc) for Hooking (Minor) at 0:59, Joël Perrault (Buc) for Tripping (Minor) at 5:05, Roman Cervenka (Out) for Interference (Minor) at 5:05, Matt Taormina (Buc) for Interference (Minor) at 10:22, Jesse Winchester (Buc) for High sticking (Minor) at 14:22

Goalie Stats

Ondrej Pavelec (Out), 22 saves from 24 shots - (0,917), W, 30-12-5, 60:00 minutes
Jean-Sébastien Aubin (Buc), 35 saves from 39 shots - (0,897), L, 11-7-2, 60:00 minutes

Players Stats for Manchots

Player Name              G  A  P  +/- PIM S  H  SB GA TA FO     MP     PP MP  PK MP  
------------------------------------------------------------------------------------
Alexander Radulov        0  1  1   0  0   10 0  0  1  0  0/0    22:24   5:52   0:00 
Bobby Butler             0  0  0  -1  0   5  1  0  1  0  1/1    17:55   5:10   0:00 
Bryan Allen              0  2  2   0  0   4  2  1  1  2  0/0    26:39   6:51   0:00 
Cal Clutterbuck          0  1  1   1  0   0  1  0  0  0  0/0    10:00   0:00   0:00 
Eric Tangradi            0  1  1   1  0   1  1  0  1  0  0/0     8:31   1:32   0:00 
Hal Gill                 1  0  1   0  0   2  1  2  1  1  0/0    16:33   0:43   0:00 
Jamie Benn               1  0  1   0  0   1  2  0  0  0  0/0    18:48   6:06   0:00 
Kris Russell             0  0  0   0  0   1  1  1  0  0  0/0    10:18   0:34   0:00 
Logan Couture            1  0  1   0  0   3  1  0  1  0  13/28  18:47   5:23   0:00 
Martin Hanzal            1  0  1   0  0   7  3  0  1  1  16/25  22:36   6:03   0:00 
Matt Corrente            0  0  0   3  0   0  3  1  0  1  0/0    18:51   5:28   0:00 
Pernell Karl Subban      0  0  0   0  2   1  5  1  0  1  0/0    28:15   6:53   0:00 
Petr Sykora              0  1  1   0  0   1  2  0  4  1  0/1    19:03   5:23   0:00 
Richard Petiot           0  1  1   2  0   0  2  3  0  0  0/0    20:12   5:28   0:00 
Roman Cervenka           0  0  0   0  2   0  0  2  0  0  0/2     7:23   0:00   0:00 
Spencer Machacek         0  0  0   0  0   0  0  0  0  0  0/0     6:46   0:00   0:00 
Tyler Kennedy            0  0  0   1  0   0  1  0  1  0  3/3    11:23   1:29   0:00 
Wade Belak               0  1  1   1  0   3  0  0  0  0  0/0    11:36   1:40   0:00 

Players Stats for High Goats

Player Name              G  A  P  +/- PIM S  H  SB GA TA FO     MP     PP MP  PK MP  
------------------------------------------------------------------------------------
Anton Stralman           1  0  1  -2  0   2  0  4  1  2  0/0    27:44   0:00   6:41 
Arturs Kulda             0  0  0   1  0   1  0  0  0  1  0/0    15:23   0:00   5:25 
Brad Larsen              1  0  1   2  0   4  4  1  0  0  0/1    19:01   0:00   5:41 
Brandon Bollig           0  0  0   0  0   0  1  0  0  0  0/0    11:03   0:00   0:21 
Chris Stewart            0  1  1   1  0   2  1  1  0  1  1/2    20:10   0:00   1:50 
Craig Weller             0  0  0   0  15  4  0  0  0  0  0/0     7:18   0:00   0:55 
Drayson Bowman           0  0  0   0  2   0  1  0  0  0  0/0     9:32   0:00   3:00 
Gord Baldwin             0  0  0  -1  0   1  1  1  1  1  0/0    21:26   0:00   5:18 
Jesse Winchester         0  1  1   1  2   4  2  0  1  0  12/26  21:02   0:00   4:11 
Jiri Tlusty              0  0  0  -2  0   0  1  0  2  0  1/2    14:53   0:00   1:08 
Joël Perrault            0  0  0  -2  2   1  0  0  1  0  7/16   15:01   0:00   2:07 
Matt Frattin             0  0  0   0  0   1  0  0  0  0  0/0     6:18   0:00   0:00 
Matt Taormina            0  1  1   1  4   0  0  0  0  1  0/0    10:45   0:00   0:49 
Nick Bonino              0  0  0  -2  2   1  0  0  0  0  1/3    12:29   0:00   0:34 
Pavel Brendl             0  0  0  -2  0   2  3  0  0  1  1/1    12:59   0:00   0:00 
Petteri Wirtanen         0  0  0   0  0   0  1  1  0  2  4/9    13:12   0:00   6:03 
Sami Lepisto             0  0  0  -2  0   1  1  7  1  2  0/0    27:37   0:00   6:41 
Thomas Hickey            0  0  0  -1  0   0  1  2  0  1  0/0    17:07   0:00   0:56 

3 Stars

1 - Brad Larsen (Buc)
2 - Richard Petiot (Out)
3 - Martin Hanzal (Out)

Power Play

Manchots - 0 on 5 Attempt(s) - 0,00%
High Goats - 0 on 0 Attempt(s) - 0,00%

Penalty Kill

Manchots - 0 on 0 Attempt(s) - 0,00% - Score 0 goal in Penalty Kill
High Goats - 5 on 5 Attempt(s) - 100,00% - Score 0 goal in Penalty Kill

Official

Referees : Sutherland Kelly and McCreary Bill
Linesman : Derek Amell and Tony Sericolo

Game Notes

Craig Weller ejected from game at 9:13 of 2nd period
Craig Weller from High Goats is suspended for 1 game(s)

Manchots

5 vs 5 Forward 
   Center                   Left Wing                Right Wing               Time % Phy DF OF 
 1 Martin Hanzal            Bobby Butler             Alexander Radulov        38     0   1  4  
 2 Logan Couture            Jamie Benn               Petr Sykora              37     0   1  4  
 3 Tyler Kennedy            Cal Clutterbuck          Wade Belak               20     0   1  4  
 4 Roman Cervenka           Eric Tangradi            Spencer Machacek         5      1   1  3  

5 vs 5 Defense 
   Defense                  Defense                                           Time % Phy DF OF 
 1 Bryan Allen              Pernell Karl Subban                               40     1   1  3  
 2 Hal Gill                 Richard Petiot                                    30     1   2  2  
 3 Kris Russell             Matt Corrente                                     17     1   2  2  
 4 Pernell Karl Subban      Hal Gill                                          13     1   1  3  

PowerPlay Forward 
   Center                   Left Wing                Right Wing               Time % Phy DF OF 
 1 Martin Hanzal            Jamie Benn               Alexander Radulov        60     0   1  4  
 2 Logan Couture            Bobby Butler             Petr Sykora              40     0   1  4  

PowerPlay Defense
   Defense                  Defense                                           Time % Phy DF OF 
 1 Bryan Allen              Pernell Karl Subban                               60     0   1  4  
 2 Richard Petiot           Matt Corrente                                     40     1   1  3  

Penalty Kill 4 Players Forward 
   Center                   Wing                     Time % Phy DF OF 
 1 Tyler Kennedy            Wade Belak               60     0   4  1  
 2 Martin Hanzal            Petr Sykora              40     0   4  1  

Penalty Kill 4 Players Defense
   Defense                  Defense                  Time % Phy DF OF 
 1 Hal Gill                 Bryan Allen              60     1   3  1  
 2 Kris Russell             Richard Petiot           40     1   3  1  

Penalty Kill - 3 Players Forward 
   Forward                                           Time % Phy DF OF 
 1 Wade Belak                                        60     1   3  1  
 2 Tyler Kennedy                                     40     1   4  0  

Penalty Kill - 3 Players Defense
   Defense                  Defense                  Time % Phy DF OF 
 1 Kris Russell             Hal Gill                 60     1   3  1  
 2 Richard Petiot           Bryan Allen              40     1   4  0  

4 vs 4 Forward 
   Center                   Wing                     Time % Phy DF OF 
 1 Martin Hanzal            Alexander Radulov        60     0   1  4  
 2 Logan Couture            Petr Sykora              40     1   1  3  

4 vs 4 Defense
   Defense                  Defense                  Time % Phy DF OF 
 1 Pernell Karl Subban      Bryan Allen              60     1   1  3  
 2 Matt Corrente            Richard Petiot           40     1   1  3  

Last Minutes Offensive
   Center                   Left Wing                Right Wing               Defense                  Defense                  
   Martin Hanzal            Jamie Benn               Petr Sykora              Bryan Allen              Pernell Karl Subban      

Last Minutes Defensive
   Center                   Left Wing                Right Wing               Defense                  Defense                  
   Martin Hanzal            Bobby Butler             Wade Belak               Bryan Allen              Hal Gill                 

Goaltenders
Starting : Ondrej Pavelec           
Backup : Sebastien Caron          

Extra Forwards
Normal : Martin Hanzal, Alexander Radulov, Jamie Benn - PP : Petr Sykora, Alexander Radulov - PK : Wade Belak
Extra Defensemen
Normal : Matt Corrente, Bryan Allen, Kris Russell - PP : Matt Corrente - PK : Hal Gill, Matt Corrente
Penalty Shots
Alexander Radulov, Martin Hanzal, Wade Belak, Petr Sykora, Bobby Butler

High Goats

5 vs 5 Forward 
   Center                   Left Wing                Right Wing               Time % Phy DF OF 
 1 Jesse Winchester         Brad Larsen              Chris Stewart            40     1   2  2  
 2 Joël Perrault            Jiri Tlusty              Pavel Brendl             30     1   2  2  
 3 Nick Bonino              Brandon Bollig           Craig Weller             20     1   2  2  
 4 Petteri Wirtanen         Drayson Bowman           Matt Frattin             10     1   2  2  

5 vs 5 Defense 
   Defense                  Defense                                           Time % Phy DF OF 
 1 Sami Lepisto             Anton Stralman                                    40     1   2  2  
 2 Gord Baldwin             Thomas Hickey                                     30     1   2  2  
 3 Arturs Kulda             Matt Taormina                                     20     1   2  2  
 4 Sami Lepisto             Anton Stralman                                    10     1   2  2  

PowerPlay Forward 
   Center                   Left Wing                Right Wing               Time % Phy DF OF 
 1 Jesse Winchester         Brad Larsen              Chris Stewart            60     1   2  2  
 2 Joël Perrault            Jiri Tlusty              Pavel Brendl             40     1   2  2  

PowerPlay Defense
   Defense                  Defense                                           Time % Phy DF OF 
 1 Sami Lepisto             Anton Stralman                                    60     1   2  2  
 2 Matt Taormina            Thomas Hickey                                     40     1   2  2  

Penalty Kill 4 Players Forward 
   Center                   Wing                     Time % Phy DF OF 
 1 Petteri Wirtanen         Craig Weller             60     1   2  2  
 2 Jesse Winchester         Chris Stewart            40     1   2  2  

Penalty Kill 4 Players Defense
   Defense                  Defense                  Time % Phy DF OF 
 1 Sami Lepisto             Anton Stralman           60     1   2  2  
 2 Gord Baldwin             Arturs Kulda             40     1   2  2  

Penalty Kill - 3 Players Forward 
   Forward                                           Time % Phy DF OF 
 1 Craig Weller                                      60     1   2  2  
 2 Chris Stewart                                     40     1   2  2  

Penalty Kill - 3 Players Defense
   Defense                  Defense                  Time % Phy DF OF 
 1 Sami Lepisto             Anton Stralman           60     1   2  2  
 2 Gord Baldwin             Arturs Kulda             40     1   2  2  

4 vs 4 Forward 
   Center                   Wing                     Time % Phy DF OF 
 1 Jesse Winchester         Chris Stewart            60     1   2  2  
 2 Joël Perrault            Pavel Brendl             40     1   2  2  

4 vs 4 Defense
   Defense                  Defense                  Time % Phy DF OF 
 1 Sami Lepisto             Anton Stralman           60     1   2  2  
 2 Gord Baldwin             Thomas Hickey            40     1   2  2  

Last Minutes Offensive
   Center                   Left Wing                Right Wing               Defense                  Defense                  
   Jesse Winchester         Brad Larsen              Chris Stewart            Sami Lepisto             Anton Stralman           

Last Minutes Defensive
   Center                   Left Wing                Right Wing               Defense                  Defense                  
   Jesse Winchester         Brad Larsen              Chris Stewart            Sami Lepisto             Anton Stralman           

Goaltenders
Starting : Jean-Sébastien Aubin     
Backup : Al Montoya               

Extra Forwards
Normal : Nick Bonino, Jiri Tlusty, Petteri Wirtanen - PP : Nick Bonino, Jiri Tlusty - PK : Petteri Wirtanen
Extra Defensemen
Normal : Arturs Kulda, Thomas Hickey, Gord Baldwin - PP : Arturs Kulda - PK : Thomas Hickey, Gord Baldwin
Penalty Shots
Pavel Brendl, Chris Stewart, Craig Weller, Brad Larsen, Jesse Winchester

% Time on Ice - Manchots

Lines # - Real PCT - Wanted PCT - Time Play
Normal Forward
1 - 33% - 38% - 14:24
2 - 28% - 37% - 12:04
3 - 23% - 20% - 10:00
4 - 15% - 5% - 6:39
Normal Defense
1 - 41% - 40% - 17:35
2 - 33% - 30% - 14:04
3 - 19% - 17% - 8:09
4 - 8% - 13% - 3:19
PP Forward
1 - 58% - 60% - 7:32
2 - 42% - 40% - 5:23
PP Defense
1 - 55% - 60% - 7:07
2 - 45% - 40% - 5:48
PK Forward
1 - 0% - 60%
2 - 0% - 40%
PK Defense
1 - 0% - 60%
2 - 0% - 40%
PK3 Forward
1 - 0% - 60%
2 - 0% - 40%
PK3 Defense
1 - 0% - 60%
2 - 0% - 40%
44 Forward
1 - 66% - 60% - 2:38
2 - 34% - 40% - 1:20
44 Defense
1 - 67% - 60% - 2:39
2 - 33% - 40% - 1:19
Last Minute Offensive  - 0:00
Last Minute Defensive  - 0:00
Total
Forward - 60:00
Defense - 60:00

% Time on Ice - High Goats

Lines # - Real PCT - Wanted PCT - Time Play
Normal Forward
1 - 34% - 40% - 14:37
2 - 27% - 30% - 11:30
3 - 25% - 20% - 10:42
4 - 15% - 10% - 6:18
Normal Defense
1 - 40% - 40% - 17:26
2 - 33% - 30% - 14:25
3 - 23% - 20% - 9:54
4 - 3% - 10% - 1:22
PP Forward
1 - 0% - 60%
2 - 0% - 40%
PP Defense
1 - 0% - 60%
2 - 0% - 40%
PK Forward
1 - 86% - 60% - 11:05
2 - 14% - 40% - 1:50
PK Defense
1 - 59% - 60% - 7:37
2 - 41% - 40% - 5:18
PK3 Forward
1 - 0% - 60%
2 - 0% - 40%
PK3 Defense
1 - 0% - 60%
2 - 0% - 40%
44 Forward
1 - 68% - 60% - 2:42
2 - 32% - 40% - 1:16
44 Defense
1 - 60% - 60% - 2:22
2 - 40% - 40% - 1:36
Last Minute Offensive  - 0:00
Last Minute Defensive  - 0:00
Total
Forward - 60:00
Defense - 60:00

Play by Play

1st period


0:01 of 1st period - Jesse Winchester wins face-off versus Martin Hanzal in neutral zone.
0:34 of 1st period - Snap shot by Craig Weller.
0:34 of 1st period - Shot Blocked by Pernell Karl Subban.
0:52 of 1st period - Wrist shot by Alexander Radulov.
0:52 of 1st period - Stopped by Jean-Sébastien Aubin with a rebound.
0:54 of 1st period - Wrist shot by Pernell Karl Subban.
0:54 of 1st period - Shot Misses the Net.
0:56 of 1st period - Snap shot by Bryan Allen.
0:56 of 1st period - Stopped by Jean-Sébastien Aubin with a rebound.
0:58 of 1st period - Snap shot by Bobby Butler.
0:58 of 1st period - Shot Misses the Net.
1:14 of 1st period - Snap shot by Martin Hanzal.
1:14 of 1st period - Shot Blocked by Thomas Hickey.
1:16 of 1st period - Slapshot by Bobby Butler.
1:16 of 1st period - Deflect By Martin Hanzal.
1:16 of 1st period - Stopped by Jean-Sébastien Aubin without a rebound.
1:17 of 1st period - Pavel Brendl wins face-off versus Logan Couture in High Goats zone.
1:24 of 1st period - Wrist shot by Jiri Tlusty.
1:24 of 1st period - Shot Misses the Net.
1:44 of 1st period - Wade Belak is hit by Jesse Winchester.
2:07 of 1st period - Minor Penalty to Drayson Bowman for Boarding.
2:08 of 1st period - Petteri Wirtanen wins face-off versus Logan Couture in High Goats zone.
2:29 of 1st period - Anton Stralman is hit by Pernell Karl Subban and loses puck.
4:01 of 1st period - Pernell Karl Subban is hit by Brad Larsen and loses puck.
4:07 of 1st period - Penalty to Drayson Bowman is over, Drayson Bowman is back on ice.
4:23 of 1st period - Snap shot by Joël Perrault.
4:23 of 1st period - Stopped by Ondrej Pavelec without a rebound.
4:24 of 1st period - Tyler Kennedy wins face-off versus Joël Perrault in Manchots zone.
5:12 of 1st period - Snap shot by Craig Weller.
5:12 of 1st period - Shot Misses the Net.
5:14 of 1st period - Slapshot by Arturs Kulda.
5:14 of 1st period - Stopped by Ondrej Pavelec without a rebound.
5:15 of 1st period - Logan Couture wins face-off versus Nick Bonino in Manchots zone.
5:40 of 1st period - Pernell Karl Subban is hit by Brad Larsen and loses puck.
6:28 of 1st period - Snap shot by Petr Sykora.
6:28 of 1st period - Shot Misses the Net.
7:04 of 1st period - Arturs Kulda is hit by Matt Corrente and loses puck.
7:08 of 1st period - Icing by Craig Weller.
7:09 of 1st period - Logan Couture wins face-off versus Nick Bonino in High Goats zone.
7:46 of 1st period - Snap shot by Craig Weller.
7:46 of 1st period - Stopped by Ondrej Pavelec with a rebound.
7:48 of 1st period - Slapshot by Anton Stralman.
7:48 of 1st period - Shot Misses the Net.
7:50 of 1st period - Wrist shot by Anton Stralman.
7:50 of 1st period - Shot Hit the Post.
7:52 of 1st period - Slapshot by Sami Lepisto.
7:52 of 1st period - Shot Misses the Net.
7:54 of 1st period - Wrist shot by Craig Weller.
7:54 of 1st period - Stopped by Ondrej Pavelec with a rebound.
7:58 of 1st period - Backhand shot by Craig Weller.
7:58 of 1st period - Stopped by Ondrej Pavelec without a rebound.
7:59 of 1st period - Martin Hanzal wins face-off versus Jesse Winchester in Manchots zone.
8:06 of 1st period - Snap shot by Bobby Butler.
8:06 of 1st period - Deflect By Gord Baldwin.
8:06 of 1st period - Stopped by Jean-Sébastien Aubin with a rebound.
8:09 of 1st period - Icing by Jesse Winchester.
8:10 of 1st period - Jesse Winchester wins face-off versus Martin Hanzal in High Goats zone.
8:10 of 1st period - Jesse Winchester is hit by Bryan Allen.
8:26 of 1st period - Snap shot by Martin Hanzal.
8:26 of 1st period - Shot Misses the Net.
8:40 of 1st period - Slapshot by Brad Larsen.
8:40 of 1st period - Stopped by Ondrej Pavelec with a rebound.
8:42 of 1st period - Slapshot by Brad Larsen.
8:42 of 1st period - Shot Misses the Net.
8:44 of 1st period - Wrist shot by Chris Stewart.
8:44 of 1st period - Stopped by Ondrej Pavelec without a rebound.
8:45 of 1st period - Joël Perrault wins face-off versus Logan Couture in Manchots zone.
9:27 of 1st period - Sami Lepisto is hit by Pernell Karl Subban and loses puck.
9:34 of 1st period - Sami Lepisto is hit by Hal Gill and loses puck.
10:11 of 1st period - Petteri Wirtanen is hit by Matt Corrente and loses puck.
10:18 of 1st period - Snap shot by Alexander Radulov.
10:18 of 1st period - Stopped by Jean-Sébastien Aubin with a rebound.
10:20 of 1st period - Wrist shot by Martin Hanzal.
10:20 of 1st period - Deflect By Bobby Butler.
10:20 of 1st period - Shot Misses the Net.
10:20 of 1st period - Puck is out of play.
10:21 of 1st period - Jesse Winchester wins face-off versus Logan Couture in High Goats zone.
10:27 of 1st period - Off-side.
10:28 of 1st period - Chris Stewart wins face-off versus Logan Couture in neutral zone.
10:31 of 1st period - Matt Corrente is hit by Jesse Winchester and loses puck.
10:38 of 1st period - Slapshot by Brad Larsen.
10:38 of 1st period - Stopped by Ondrej Pavelec with a rebound.
10:42 of 1st period - Slapshot by Chris Stewart.
10:42 of 1st period - Shot Blocked by Kris Russell.
11:25 of 1st period - Backhand shot by Sami Lepisto.
11:25 of 1st period - Deflect By Craig Weller.
11:25 of 1st period - Stopped by Ondrej Pavelec with a rebound.
11:40 of 1st period - Snap shot by Wade Belak.
11:40 of 1st period - Shot Hit the Post.
12:48 of 1st period - Snap shot by Alexander Radulov.
12:48 of 1st period - Shot Misses the Net.
13:04 of 1st period - Wrist shot by Logan Couture.
13:04 of 1st period - Shot Misses the Net.
13:06 of 1st period - Slapshot by Bryan Allen.
13:06 of 1st period - Deflect By Jamie Benn.
13:06 of 1st period - Shot Misses the Net.
13:06 of 1st period - Puck is out of play.
13:07 of 1st period - Jiri Tlusty wins face-off versus Petr Sykora in High Goats zone.
13:07 of 1st period - Jiri Tlusty is hit by Petr Sykora.
13:37 of 1st period - Slapshot by Jesse Winchester.
13:37 of 1st period - Shot Misses the Net.
14:03 of 1st period - Wrist shot by Craig Weller.
14:03 of 1st period - Shot Blocked by Roman Cervenka.
14:13 of 1st period - Matt Taormina is hit by Jamie Benn and loses puck.
14:18 of 1st period - Wrist shot by Logan Couture.
14:18 of 1st period - Stopped by Jean-Sébastien Aubin with a rebound.
14:47 of 1st period - Wrist shot by Wade Belak.
14:47 of 1st period - Stopped by Jean-Sébastien Aubin with a rebound.
14:53 of 1st period - Bryan Allen is hit by Chris Stewart and loses puck.
15:15 of 1st period - Craig Weller is hit by Jamie Benn and loses puck.
15:38 of 1st period - Eric Tangradi is hit by Pavel Brendl and loses puck.
15:51 of 1st period - Matt Taormina is hit by Kris Russell and loses puck.
16:16 of 1st period - Icing by Brad Larsen.
16:17 of 1st period - Tyler Kennedy wins face-off versus Jesse Winchester in High Goats zone.
16:30 of 1st period - Slapshot by Tyler Kennedy.
16:30 of 1st period - Shot Misses the Net.
16:35 of 1st period - Off-side.
16:36 of 1st period - Logan Couture wins face-off versus Joël Perrault in neutral zone.
16:43 of 1st period - Snap shot by Jamie Benn.
16:43 of 1st period - Shot Blocked by Anton Stralman.
16:45 of 1st period - Slapshot by Kris Russell.
16:45 of 1st period - Stopped by Jean-Sébastien Aubin without a rebound.
16:46 of 1st period - Joël Perrault wins face-off versus Logan Couture in High Goats zone.
16:53 of 1st period - Snap shot by Pavel Brendl.
16:53 of 1st period - Stopped by Ondrej Pavelec without a rebound.
16:54 of 1st period - Logan Couture wins face-off versus Jesse Winchester in Manchots zone.
16:54 of 1st period - Bryan Allen is hit by Brad Larsen and loses puck.
17:09 of 1st period - Snap shot by Logan Couture.
17:09 of 1st period - Shot Blocked by Anton Stralman.
17:43 of 1st period - Thomas Hickey is hit by Richard Petiot and loses puck.
17:50 of 1st period - Snap shot by Craig Weller.
17:50 of 1st period - Shot Blocked by Richard Petiot.
18:47 of 1st period - Snap shot by Pavel Brendl.
18:47 of 1st period - Deflect By Bobby Butler.
18:47 of 1st period - Stopped by Ondrej Pavelec without a rebound.
18:48 of 1st period - Martin Hanzal wins face-off versus Joël Perrault in Manchots zone.
18:53 of 1st period - Slapshot by Bobby Butler.
18:53 of 1st period - Stopped by Jean-Sébastien Aubin with a rebound.
19:00 of 1st period - Off-side.
19:01 of 1st period - Logan Couture wins face-off versus Jesse Winchester in neutral zone.
19:53 of 1st period - Slapshot by Anton Stralman.
19:53 of 1st period - Deflect By Hal Gill.
19:53 of 1st period - Stopped by Ondrej Pavelec with a rebound.
19:59 of 1st period - Snap shot by Pavel Brendl.
19:59 of 1st period - Shot Misses the Net.

2nd period


0:01 of 2nd period - Jesse Winchester wins face-off versus Logan Couture in neutral zone.
0:04 of 2nd period - Slapshot by Chris Stewart.
0:04 of 2nd period - Deflect By Brad Larsen.
0:04 of 2nd period - Stopped by Ondrej Pavelec with a rebound.
0:06 of 2nd period - Snap shot by Jesse Winchester.
0:06 of 2nd period - Shot Misses the Net.
0:08 of 2nd period - Slapshot by Jesse Winchester.
0:08 of 2nd period - Shot Misses the Net.
0:10 of 2nd period - Slapshot by Brad Larsen.
0:10 of 2nd period - Shot Misses the Net.
0:12 of 2nd period - Slapshot by Sami Lepisto.
0:12 of 2nd period - Shot Misses the Net.
0:14 of 2nd period - Slapshot by Anton Stralman.
0:14 of 2nd period - Shot Misses the Net.
0:54 of 2nd period - Wrist shot by Nick Bonino.
0:54 of 2nd period - Shot Blocked by Hal Gill.
0:56 of 2nd period - Backhand shot by Thomas Hickey.
0:56 of 2nd period - Shot Misses the Net.
0:58 of 2nd period - Slapshot by Gord Baldwin.
0:58 of 2nd period - Shot Misses the Net.
1:14 of 2nd period - Slapshot by Hal Gill.
1:14 of 2nd period - Stopped by Jean-Sébastien Aubin without a rebound.
1:15 of 2nd period - Jesse Winchester wins face-off versus Roman Cervenka in High Goats zone.
1:47 of 2nd period - Snap shot by Petr Sykora.
1:47 of 2nd period - Shot Blocked by Sami Lepisto.
2:03 of 2nd period - Snap shot by Martin Hanzal.
2:03 of 2nd period - Stopped by Jean-Sébastien Aubin without a rebound.
2:04 of 2nd period - Martin Hanzal wins face-off versus Jesse Winchester in High Goats zone.
2:07 of 2nd period - Snap shot by Martin Hanzal.
2:07 of 2nd period - Shot Misses the Net.
2:09 of 2nd period - Wrist shot by Bobby Butler.
2:09 of 2nd period - Deflect By Chris Stewart.
2:09 of 2nd period - Stopped by Jean-Sébastien Aubin without a rebound.
2:10 of 2nd period - Logan Couture wins face-off versus Chris Stewart in High Goats zone.
2:23 of 2nd period - Wrist shot by Logan Couture.
2:23 of 2nd period - Shot Misses the Net.
2:25 of 2nd period - Slapshot by Petr Sykora.
2:25 of 2nd period - Shot Misses the Net.
2:35 of 2nd period - Snap shot by Wade Belak.
2:35 of 2nd period - Stopped by Jean-Sébastien Aubin with a rebound.
2:37 of 2nd period - Slapshot by Bryan Allen.
2:37 of 2nd period - Stopped by Jean-Sébastien Aubin with a rebound.
2:39 of 2nd period - Slapshot by Pernell Karl Subban.
2:39 of 2nd period - Stopped by Jean-Sébastien Aubin without a rebound.
2:40 of 2nd period - Tyler Kennedy wins face-off versus Joël Perrault in High Goats zone.
2:49 of 2nd period - Snap shot by Cal Clutterbuck.
2:49 of 2nd period - Deflect By Wade Belak.
2:49 of 2nd period - Stopped by Jean-Sébastien Aubin with a rebound.
2:51 of 2nd period - Snap shot by Wade Belak.
2:51 of 2nd period - Shot Misses the Net.
2:53 of 2nd period - Slapshot by Hal Gill.
2:53 of 2nd period - Shot Misses the Net.
2:55 of 2nd period - Slapshot by Hal Gill.
2:55 of 2nd period - Goal by Hal Gill - Manchots : 1 - High Goats : 0.
2:56 of 2nd period - Jesse Winchester wins face-off versus Logan Couture in neutral zone.
3:12 of 2nd period - Slapshot by Brad Larsen.
3:12 of 2nd period - Shot Misses the Net.
3:31 of 2nd period - Slapshot by Joël Perrault.
3:31 of 2nd period - Shot Blocked by Bryan Allen.
4:08 of 2nd period - Snap shot by Eric Tangradi.
4:08 of 2nd period - Stopped by Jean-Sébastien Aubin without a rebound.
4:09 of 2nd period - Logan Couture wins face-off versus Jesse Winchester in High Goats zone.
4:20 of 2nd period - Snap shot by Brad Larsen.
4:20 of 2nd period - Goal by Brad Larsen - Manchots : 1 - High Goats : 1.
4:21 of 2nd period - Jesse Winchester wins face-off versus Martin Hanzal in neutral zone.
4:29 of 2nd period - Off-side.
4:30 of 2nd period - Martin Hanzal wins face-off versus Brad Larsen in neutral zone.
4:35 of 2nd period - Wrist shot by Jesse Winchester.
4:35 of 2nd period - Stopped by Ondrej Pavelec with a rebound.
4:37 of 2nd period - Slapshot by Anton Stralman.
4:37 of 2nd period - Goal by Anton Stralman - Manchots : 1 - High Goats : 2.
4:38 of 2nd period - Logan Couture wins face-off versus Jesse Winchester in neutral zone.
4:51 of 2nd period - Slapshot by Sami Lepisto.
4:51 of 2nd period - Stopped by Ondrej Pavelec with a rebound.
4:53 of 2nd period - Slapshot by Jesse Winchester.
4:53 of 2nd period - Stopped by Ondrej Pavelec with a rebound.
5:03 of 2nd period - Sami Lepisto is hit by Martin Hanzal and loses puck.
5:12 of 2nd period - Backhand shot by Martin Hanzal.
5:12 of 2nd period - Shot Misses the Net.
5:50 of 2nd period - Wrist shot by Matt Frattin.
5:50 of 2nd period - Stopped by Ondrej Pavelec with a rebound.
6:42 of 2nd period - Slapshot by Chris Stewart.
6:42 of 2nd period - Stopped by Ondrej Pavelec without a rebound.
6:43 of 2nd period - Bobby Butler wins face-off versus Jesse Winchester in Manchots zone.
7:10 of 2nd period - Brad Larsen is hit by Bobby Butler and loses puck.
7:17 of 2nd period - Snap shot by Alexander Radulov.
7:17 of 2nd period - Stopped by Jean-Sébastien Aubin without a rebound.
7:18 of 2nd period - Joël Perrault wins face-off versus Logan Couture in High Goats zone.
7:47 of 2nd period - Craig Weller is hit by Pernell Karl Subban and loses puck.
8:11 of 2nd period - Off-side.
8:12 of 2nd period - Jesse Winchester wins face-off versus Logan Couture in neutral zone.
8:31 of 2nd period - Slapshot by Brad Larsen.
8:31 of 2nd period - Shot Misses the Net.
8:33 of 2nd period - Snap shot by Jesse Winchester.
8:33 of 2nd period - Stopped by Ondrej Pavelec with a rebound.
8:35 of 2nd period - Wrist shot by Brad Larsen.
8:35 of 2nd period - Shot Blocked by Richard Petiot.
8:49 of 2nd period - Snap shot by Jesse Winchester.
8:49 of 2nd period - Stopped by Ondrej Pavelec without a rebound.
8:50 of 2nd period - Joël Perrault wins face-off versus Logan Couture in Manchots zone.
9:13 of 2nd period - Major / Game Misconduct Penalty to Craig Weller for Unsportsmanlike conduct.
9:13 of 2nd period - Craig Weller is ejected from game.
9:14 of 2nd period - Martin Hanzal wins face-off versus Petteri Wirtanen in High Goats zone.
10:36 of 2nd period - Matt Corrente is hit by Drayson Bowman and loses puck.
11:01 of 2nd period - Brad Larsen is hit by Tyler Kennedy and loses puck.
13:01 of 2nd period - Gord Baldwin is hit by Pernell Karl Subban.
14:01 of 2nd period - Bobby Butler is hit by Brad Larsen and loses puck.
14:13 of 2nd period - Penalty to Craig Weller is over, Chris Stewart is send on ice.
14:14 of 2nd period - Matt Corrente is hit by Petteri Wirtanen and loses puck.
16:30 of 2nd period - Icing by Matt Taormina.
16:31 of 2nd period - Petteri Wirtanen wins face-off versus Logan Couture in High Goats zone.
16:56 of 2nd period - Chris Stewart is hit by Eric Tangradi and loses puck.
17:10 of 2nd period - Minor Penalty to Nick Bonino for Hooking.
17:10 of 2nd period - Minor Penalty to Pernell Karl Subban for Slashing.
17:11 of 2nd period - Martin Hanzal wins face-off versus Jesse Winchester in High Goats zone.
17:12 of 2nd period - Wrist shot by Alexander Radulov.
17:12 of 2nd period - Shot Blocked by Sami Lepisto.
17:14 of 2nd period - Slapshot by Bryan Allen.
17:14 of 2nd period - Stopped by Jean-Sébastien Aubin without a rebound.
17:15 of 2nd period - Martin Hanzal wins face-off versus Jesse Winchester in High Goats zone.
17:58 of 2nd period - Wrist shot by Logan Couture.
17:58 of 2nd period - Stopped by Jean-Sébastien Aubin without a rebound.
17:59 of 2nd period - Logan Couture wins face-off versus Joël Perrault in High Goats zone.
18:51 of 2nd period - Wrist shot by Logan Couture.
18:51 of 2nd period - Shot Misses the Net.
18:53 of 2nd period - Slapshot by Logan Couture.
18:53 of 2nd period - Shot Blocked by Thomas Hickey.
18:55 of 2nd period - Slapshot by Logan Couture.
18:55 of 2nd period - Goal by Logan Couture - Manchots : 2 - High Goats : 2.
18:56 of 2nd period - Jesse Winchester wins face-off versus Martin Hanzal in neutral zone.
19:10 of 2nd period - Penalty to Nick Bonino is over, Nick Bonino is back on ice.
19:10 of 2nd period - Penalty to Pernell Karl Subban is over, Pernell Karl Subban is back on ice.
19:21 of 2nd period - Snap shot by Alexander Radulov.
19:21 of 2nd period - Stopped by Jean-Sébastien Aubin with a rebound.
19:23 of 2nd period - Wrist shot by Martin Hanzal.
19:23 of 2nd period - Shot Misses the Net.
19:25 of 2nd period - Wrist shot by Alexander Radulov.
19:25 of 2nd period - Shot Hit the Post.
19:27 of 2nd period - Slapshot by Matt Corrente.
19:27 of 2nd period - Shot Misses the Net.
19:29 of 2nd period - Slapshot by Alexander Radulov.
19:29 of 2nd period - Stopped by Jean-Sébastien Aubin with a rebound.
19:39 of 2nd period - Snap shot by Alexander Radulov.
19:39 of 2nd period - Shot Misses the Net.
19:41 of 2nd period - Slapshot by Bryan Allen.
19:41 of 2nd period - Deflect By Sami Lepisto.
19:41 of 2nd period - Stopped by Jean-Sébastien Aubin with a rebound.
19:43 of 2nd period - Snap shot by Martin Hanzal.
19:43 of 2nd period - Shot Blocked by Sami Lepisto.
19:49 of 2nd period - Slapshot by Martin Hanzal.
19:49 of 2nd period - Shot Blocked by Anton Stralman.
19:51 of 2nd period - Snap shot by Martin Hanzal.
19:51 of 2nd period - Deflect By Sami Lepisto.
19:51 of 2nd period - Goal by Martin Hanzal - Manchots : 3 - High Goats : 2.
19:52 of 2nd period - Joël Perrault wins face-off versus Logan Couture in neutral zone.
19:55 of 2nd period - Hal Gill is hit by Thomas Hickey and loses puck.

3rd period


0:01 of 3rd period - Logan Couture wins face-off versus Jesse Winchester in neutral zone.
0:32 of 3rd period - Thomas Hickey is hit by Martin Hanzal and loses puck.
0:41 of 3rd period - Slapshot by Martin Hanzal.
0:41 of 3rd period - Stopped by Jean-Sébastien Aubin with a rebound.
0:53 of 3rd period - Hal Gill is hit by Gord Baldwin and loses puck.
0:59 of 3rd period - Minor Penalty to Matt Taormina for Hooking.
1:00 of 3rd period - Martin Hanzal wins face-off versus Petteri Wirtanen in High Goats zone.
1:09 of 3rd period - Slapshot by Alexander Radulov.
1:09 of 3rd period - Shot Blocked by Sami Lepisto.
2:59 of 3rd period - Penalty to Matt Taormina is over, Matt Taormina is back on ice.
3:31 of 3rd period - Chris Stewart is hit by Matt Corrente and loses puck.
3:44 of 3rd period - Kris Russell is hit by Pavel Brendl and loses puck.
4:31 of 3rd period - Petteri Wirtanen is hit by Martin Hanzal and loses puck.
5:05 of 3rd period - Minor Penalty to Joël Perrault for Tripping.
5:05 of 3rd period - Minor Penalty to Roman Cervenka for Interference.
5:06 of 3rd period - Martin Hanzal wins face-off versus Jesse Winchester in Manchots zone.
5:21 of 3rd period - Wrist shot by Alexander Radulov.
5:21 of 3rd period - Stopped by Jean-Sébastien Aubin with a rebound.
5:45 of 3rd period - Wrist shot by Eric Tangradi.
5:45 of 3rd period - Shot Blocked by Anton Stralman.
5:47 of 3rd period - Slapshot by Richard Petiot.
5:47 of 3rd period - Shot Blocked by Sami Lepisto.
5:51 of 3rd period - Wrist shot by Eric Tangradi.
5:51 of 3rd period - Shot Misses the Net.
5:53 of 3rd period - Wrist shot by Jamie Benn.
5:53 of 3rd period - Goal by Jamie Benn - Manchots : 4 - High Goats : 2.
5:54 of 3rd period - Jesse Winchester wins face-off versus Martin Hanzal in neutral zone.
6:06 of 3rd period - Wrist shot by Alexander Radulov.
6:06 of 3rd period - Stopped by Jean-Sébastien Aubin without a rebound.
6:07 of 3rd period - Martin Hanzal wins face-off versus Jesse Winchester in High Goats zone.
6:51 of 3rd period - Matt Corrente is hit by Pavel Brendl and loses puck.
6:56 of 3rd period - Slapshot by Anton Stralman.
6:56 of 3rd period - Deflect By Nick Bonino.
6:56 of 3rd period - Shot Blocked by Matt Corrente.
6:56 of 3rd period - Puck is out of play.
6:57 of 3rd period - Martin Hanzal wins face-off versus Jesse Winchester in Manchots zone.
7:05 of 3rd period - Penalty to Joël Perrault is over, Joël Perrault is back on ice.
7:05 of 3rd period - Penalty to Roman Cervenka is over, Roman Cervenka is back on ice.
7:20 of 3rd period - Snap shot by Alexander Radulov.
7:20 of 3rd period - Stopped by Jean-Sébastien Aubin with a rebound.
7:22 of 3rd period - Snap shot by Alexander Radulov.
7:22 of 3rd period - Shot Blocked by Gord Baldwin.
7:24 of 3rd period - Wrist shot by Alexander Radulov.
7:24 of 3rd period - Stopped by Jean-Sébastien Aubin with a rebound.
7:28 of 3rd period - Snap shot by Alexander Radulov.
7:28 of 3rd period - Stopped by Jean-Sébastien Aubin with a rebound.
7:30 of 3rd period - Slapshot by Bryan Allen.
7:30 of 3rd period - Deflect By Martin Hanzal.
7:30 of 3rd period - Stopped by Jean-Sébastien Aubin without a rebound.
7:31 of 3rd period - Logan Couture wins face-off versus Jiri Tlusty in High Goats zone.
7:46 of 3rd period - Snap shot by Nick Bonino.
7:46 of 3rd period - Stopped by Ondrej Pavelec with a rebound.
7:56 of 3rd period - Anton Stralman is hit by Cal Clutterbuck and loses puck.
8:19 of 3rd period - Snap shot by Pavel Brendl.
8:19 of 3rd period - Deflect By Jiri Tlusty.
8:19 of 3rd period - Shot Blocked by Hal Gill.
8:19 of 3rd period - Puck is out of play.
8:20 of 3rd period - Logan Couture wins face-off versus Joël Perrault in Manchots zone.
8:45 of 3rd period - Wrist shot by Chris Stewart.
8:45 of 3rd period - Deflect By Brad Larsen.
8:45 of 3rd period - Shot Misses the Net.
8:45 of 3rd period - Puck is out of play.
8:46 of 3rd period - Jesse Winchester wins face-off versus Martin Hanzal in Manchots zone.
9:01 of 3rd period - Backhand shot by Martin Hanzal.
9:01 of 3rd period - Stopped by Jean-Sébastien Aubin with a rebound.
9:46 of 3rd period - Wrist shot by Bobby Butler.
9:46 of 3rd period - Stopped by Jean-Sébastien Aubin without a rebound.
9:47 of 3rd period - Jesse Winchester wins face-off versus Logan Couture in High Goats zone.
9:47 of 3rd period - Jesse Winchester is hit by Logan Couture.
9:59 of 3rd period - Slapshot by Bryan Allen.
9:59 of 3rd period - Shot Misses the Net.
10:01 of 3rd period - Slapshot by Pernell Karl Subban.
10:01 of 3rd period - Shot Blocked by Chris Stewart.
10:03 of 3rd period - Slapshot by Bryan Allen.
10:03 of 3rd period - Shot Misses the Net.
10:19 of 3rd period - Snap shot by Gord Baldwin.
10:19 of 3rd period - Stopped by Ondrej Pavelec without a rebound.
10:20 of 3rd period - Joël Perrault wins face-off versus Logan Couture in Manchots zone.
10:22 of 3rd period - Minor Penalty to Matt Taormina for Interference.
10:23 of 3rd period - Petteri Wirtanen wins face-off versus Martin Hanzal in High Goats zone.
11:33 of 3rd period - Arturs Kulda is hit by Bryan Allen and loses puck.
12:22 of 3rd period - Penalty to Matt Taormina is over, Matt Taormina is back on ice.
13:38 of 3rd period - Hal Gill is hit by Sami Lepisto and loses puck.
13:49 of 3rd period - Jiri Tlusty is hit by Petr Sykora and loses puck.
13:56 of 3rd period - Sami Lepisto is hit by Pernell Karl Subban.
13:57 of 3rd period - Icing by Sami Lepisto.
13:58 of 3rd period - Martin Hanzal wins face-off versus Joël Perrault in High Goats zone.
14:03 of 3rd period - Wrist shot by Martin Hanzal.
14:03 of 3rd period - Shot Misses the Net.
14:22 of 3rd period - Minor Penalty to Jesse Winchester for High sticking.
14:23 of 3rd period - Petteri Wirtanen wins face-off versus Martin Hanzal in High Goats zone.
14:57 of 3rd period - Slapshot by Pernell Karl Subban.
14:57 of 3rd period - Deflect By Petr Sykora.
14:57 of 3rd period - Shot Blocked by Sami Lepisto.
14:57 of 3rd period - Puck is out of play.
14:58 of 3rd period - Logan Couture wins face-off versus Petteri Wirtanen in High Goats zone.
15:11 of 3rd period - Snap shot by Bobby Butler.
15:11 of 3rd period - Stopped by Jean-Sébastien Aubin with a rebound.
15:13 of 3rd period - Slapshot by Richard Petiot.
15:13 of 3rd period - Deflect By Petr Sykora.
15:13 of 3rd period - Stopped by Jean-Sébastien Aubin with a rebound.
15:24 of 3rd period - Icing by Matt Corrente.
15:25 of 3rd period - Joël Perrault wins face-off versus Martin Hanzal in Manchots zone.
15:26 of 3rd period - Slapshot by Chris Stewart.
15:26 of 3rd period - Shot Blocked by Richard Petiot.
15:31 of 3rd period - Off-side.
15:32 of 3rd period - Martin Hanzal wins face-off versus Petteri Wirtanen in neutral zone.
15:35 of 3rd period - Slapshot by Bryan Allen.
15:35 of 3rd period - Shot Blocked by Brad Larsen.
16:04 of 3rd period - Snap shot by Bobby Butler.
16:04 of 3rd period - Shot Misses the Net.
16:06 of 3rd period - Slapshot by Pernell Karl Subban.
16:06 of 3rd period - Deflect By Logan Couture.
16:06 of 3rd period - Shot Misses the Net.
16:06 of 3rd period - Puck is out of play.
16:07 of 3rd period - Martin Hanzal wins face-off versus Joël Perrault in High Goats zone.
16:08 of 3rd period - Slapshot by Alexander Radulov.
16:08 of 3rd period - Shot Misses the Net.
16:10 of 3rd period - Backhand shot by Richard Petiot.
16:10 of 3rd period - Deflect By Alexander Radulov.
16:10 of 3rd period - Shot Misses the Net.
16:10 of 3rd period - Puck is out of play.
16:11 of 3rd period - Martin Hanzal wins face-off versus Joël Perrault in High Goats zone.
16:22 of 3rd period - Penalty to Jesse Winchester is over, Jesse Winchester is back on ice.
16:40 of 3rd period - Gord Baldwin is hit by Richard Petiot and loses puck.
17:43 of 3rd period - Slapshot by Anton Stralman.
17:43 of 3rd period - Deflect By Joël Perrault.
17:43 of 3rd period - Shot Misses the Net.
17:43 of 3rd period - Puck is out of play.
17:44 of 3rd period - Nick Bonino wins face-off versus Roman Cervenka in Manchots zone.
17:45 of 3rd period - Wrist shot by Jiri Tlusty.
17:45 of 3rd period - Shot Blocked by Roman Cervenka.
17:51 of 3rd period - Pernell Karl Subban is hit by Brandon Bollig and loses puck.
18:34 of 3rd period - Snap shot by Alexander Radulov.
18:34 of 3rd period - Shot Blocked by Petteri Wirtanen.
18:36 of 3rd period - Slapshot by Martin Hanzal.
18:36 of 3rd period - Stopped by Jean-Sébastien Aubin without a rebound.
18:37 of 3rd period - Martin Hanzal wins face-off versus Petteri Wirtanen in High Goats zone.
18:38 of 3rd period - Snap shot by Alexander Radulov.
18:38 of 3rd period - Shot Blocked by Sami Lepisto.
19:02 of 3rd period - Matt Corrente is hit by Jiri Tlusty and loses puck.


Output by the SimonT Hockey Simulator (STHS) for François Prévost -- Original Page W3C XHTML 1.0 Valid
Hockey Simulator - Hockey Simulation - Hockey Manager